 Dungeon Crawl Stone Soup version 0.30.1-3-gfc49f6343a (webtiles) character file.

Game seed: 3422970111457284063

44 bory93 the Cudgeller (level 3, -6/33 HPs)
             Began as a Minotaur Berserker on July 22, 2023.
             Was a Believer of Trog.
             Mangled by Sigmund
             ... wielding a +1 heavy scythe
              (8 damage)
             ... on level 2 of the Dungeon.
             The game lasted 00:04:09 (1166 turns).

bory93 the Cudgeller (Minotaur Berserker)           Turns: 1166, Time: 00:04:09

Health: -6/33      AC:  2    Str: 23    XL:     3   Next: 39%
Magic:  2/2        EV: 12    Int:  4    God:    Trog [**....]
Gold:   108        SH:  0    Dex:  9    Spells: 2/2 levels left

rFire   . . .        a - +0 mace
rCold   . . .        (no shield)
rNeg    . . .        b - +0 animal skin
rPois   .            (helmet restricted)
rElec   .            (no cloak)
rCorr   .            (no gloves)
SInv    .            (no boots)
Will    .....        (no amulet)
Stlth   +            (no ring)
HPRegen 0.25/turn    (no ring)
MPRegen 0.08/turn

%: no passive effects
@: no status effects
A: horns 2, retaliatory headbutt
a: Renounce Religion, Berserk, Trog's Hand


You were on level 2 of the Dungeon.
You worshipped Trog.
Trog was pleased with you.
You visited 1 branch of the dungeon, and saw 2 of its levels.

You collected 108 gold pieces.

Inventory:

Hand Weapons
 a - a +0 mace (weapon)
Missiles
 f - 33 stones (quivered)
 j - 6 poisoned darts
Armour
 b - a +0 animal skin (worn)
Scrolls
 d - 2 scrolls of teleportation {unknown}
 e - 2 scrolls of identify {unknown}
 g - a scroll of blinking {unknown}
 k - a scroll of magic mapping {unknown}
 l - a scroll of fog {unknown}
 m - 2 scrolls of vulnerability {unknown}
 n - a scroll of enchant weapon {unknown}
Potions
 c - a potion of might {unknown}
 h - a potion of attraction {unknown}
 i - a potion of curing {unknown}


   Skills:
 - Level 3.6 Fighting
 + Level 5.4 Maces & Flails
 - Level 2.4 Armour
 - Level 2.2 Dodging


You had 2 spell levels left.
You didn't know any spells.
Your spell library was empty.

Dungeon Overview and Level Annotations

Branches:
Dungeon (2/15)

Altars:
Wu Jian

Shops:
D:2 (!!

Annotations:
D:2 Sigmund


Innate Abilities, Weirdness & Mutations

You have a pair of horns on your head.
You reflexively headbutt those who attack you in melee.


Message History

Found a scroll labelled XUUDUI XOM XEL and 7 stones.
Sigmund shouts!
Sigmund is nearby!
Sigmund casts a spell.
Sigmund flickers and vanishes!
Deactivating autopickup; reactivate with Ctrl-A.
No target in view!
No target in view!
No target in view!
No target in view!
There is a strange disturbance nearby!
No target in view!
There is a strange disturbance nearby!
Something completely misses you.
No target in view!
No target in view!
You hear some strange, mumbled words.
Something tries to affect you, but you resist.
You see here a scroll labelled XUUDUI XOM XEL.
n - a scroll labelled XUUDUI XOM XEL Something hits you.
No target in view!
You miss something. You barely miss something. Something hits you!
You barely miss something. Your headbutt misses something. You miss something.
Your headbutt misses something.
You hear some strange, mumbled words.
A magic dart appears from out of thin air!
The magic dart hits you.
You hit something but do no damage. Your headbutt misses something.
Something hits you.
* * * LOW HITPOINT WARNING * * *
You hit something. You closely miss something. Your headbutt misses something.
You hear some strange, mumbled words.
A magic dart appears from out of thin air!
The magic dart hits you!
* * * LOW HITPOINT WARNING * * *
You hit something. Something hits you!
You die...

.# ###########.......#
.# #.................#
.# #.............._..#
.####.................
.'..'........>........
.####............#..
.# #########+#..# ##
####....#+## ###
.......@{..# ..#
............# ..#
..........(.# ..#
............# ..#
............#
..###########+##+####
..##...### ..##...#..
.. ..'....#.# ...


There were no monsters in sight!

Vanquished Creatures
  A gnoll (D:1)
  A dart slug (D:1)
  2 ball pythons (D:2)
  An endoplasm (D:1)
  2 giant cockroaches
  2 goblins
  6 hobgoblins
  4 kobolds (D:1)
  3 bats (D:1)
  5 frilled lizards
  3 rats (D:1)
30 creatures vanquished.

Notes
Turn   | Place    | Note
-------+----------+-------------------------------------------
     0 | D:1      | bory93 the Minotaur Berserker began the quest for the Orb.
     0 | D:1      | Reached XP level 1. HP: 19/19 MP: 0/0
    53 | D:1      | Reached skill level 4 in Maces & Flails
   132 | D:1      | Reached XP level 2. HP: 24/27 MP: 1/1
   372 | D:1      | Reached skill level 5 in Maces & Flails
   417 | D:1      | Reached XP level 3. HP: 33/33 MP: 2/2
   669 | D:1      | Reached ** piety under Trog
   978 | D:2      | Found Legisitu's Distillery.
   986 | D:2      | Found Leol's Distillery.
  1120 | D:2      | Found Voef's Antique Weapon Shoppe.
  1151 | D:2      | Found an ornate altar of the Wu Jian Council.
  1153 | D:2      | Noticed Sigmund
  1166 | D:2      | Mangled by Sigmund

Illustrated notes

Levels and vault maps discovered:
D:1:      lightli_arrival_noodles, layout_basic
D:2:      layout_basic, basic_altar, serial_shops, shop, shop, shop_fountains,
          minmay_pentomino_u2, uniq_sigmund

Skill      XL: |  1  2 |
---------------+-------+-----
Maces & Flails | 4 5 |  5.4
Fighting       | |  3.6
Armour         | |  2.4
Dodging        | |  2.2

Action                     || total
---------------------------++-------
  Melee: Mace              ||    84
         Headbutt          ||     5
         Punch             ||     1
 Armour: Animal skin       ||    14
  Dodge: Dodged            ||    42
